 Dungeon Crawl Stone Soup version 0.29.1-15-g9cfb28693d (webtiles) character file.

Game seed: 3916415674622940729

869 BiteMe the Magician (level 7, -3/46 HPs)
             Began as a Demonspawn Fire Elementalist on Feb 26, 2023.
             Was a Follower of Vehumet.
             Engulfed by a cloud of flame (28 damage)
             ... on level 6 of the Dungeon.
             The game lasted 00:58:26 (11603 turns).

BiteMe the Magician (Demonspawn Fire Elementalist) Turns: 11603, Time: 00:58:27

Health: -3/46      AC:  6    Str:  9    XL:     7   Next: 73%
Magic:  3/24       EV: 12    Int: 18    God:    Vehumet [*.....]
Gold:   260        SH:  0    Dex: 21    Spells: 10/16 levels left

rFire   . . .      SeeInvis .   p - +1 whip (elec)
rCold   . . .      Faith    .   (no shield)
rNeg    . . .      Spirit   .   o - +0 leather armour "Mialy" {Stlth+}
rPois   .          Reflect  .   (no helmet)
rElec   .          Harm     .   (no cloak)
rCorr   .          Rampage  +   (no gloves)
Will    .....                   n - +2 pair of boots {rampage}
Stlth   ++++......              (no amulet)
HPRegen 0.15/turn               q - ring of magical power
MPRegen 0.19/turn               B - +6 ring of dexterity

@: lethally poisoned (-3 -> -6), weakened, slowed, very slow
A: thin skeletal structure 1, icemail 1, condensation shield, weakness stinger 2
a: Renounce Religion


You were on level 6 of the Dungeon.
You worshipped Vehumet.
Vehumet was aware of your devotion.
You visited 1 branch of the dungeon, and saw 6 of its levels.
You also visited: Ossuary.

You collected 260 gold pieces.

Inventory:

Hand Weapons
 c - a +0 mace
 f - a +2 vampiric dagger
 m - a +0 halberd
 p - a +1 whip of electrocution (weapon)
 r - a +0 hand axe
 s - a +0 flail
 t - a +0 short sword
 w - a +0 rapier
 C - a +3 dagger
 G - a +0 war axe
Missiles
 k - 2 throwing nets
Armour
 a - a +1 robe
 g - a +2 pair of boots
 n - a +2 pair of boots of rampaging (worn)
 o - the +0 leather armour "Mialy" (worn) {Stlth+}
   (You found it on level 2 of the Dungeon)

   Stlth:     It makes you more stealthy.
Jewellery
 d - a ring of resist corrosion
 q - a ring of magical power (left hand)
 u - a ring of willpower
 v - a +6 ring of intelligence
 B - a +6 ring of dexterity (right hand)
 E - a ring of poison resistance
Wands
 H - a wand of flame (6)
Scrolls
 l - 3 scrolls of teleportation
 x - 2 scrolls of fear {unknown}
 y - a scroll of noise {unknown}
 z - a scroll of magic mapping
 D - 2 scrolls of amnesia {unknown}
 F - a scroll of butterflies {unknown}
 I - a scroll of poison {unknown}
 J - 2 scrolls of enchant weapon
Potions
 b - 3 potions of magic
 e - 3 potions of haste
 h - 3 potions of curing
 i - a potion of lignification
 j - 2 potions of heal wounds
 A - 2 potions of degeneration {unknown}
 K - a potion of brilliance {unknown}
 L - a potion of mutation {unknown}


   Skills:
 + Level 1.8 Armour
 * Level 2.6 Dodging
 - Level 1.7 Stealth
 * Level 1.9 Shields
 * Level 5.4 Spellcasting
 * Level 3.1 Conjurations
 * Level 4.8 Fire Magic


You had 10 spell levels left.
You knew the following spells:

 Your Spells              Type           Power      Damage    Failure   Level
a - Foxfire               Conj/Fire      76%        2x1d7     3%          1
b - Scorch                Fire           44%        2d7       3%          2
c - Conjure Flame         Conj/Fire      19%        6-21      10%         3

Your spell library contained the following spells:

 Spells                   Type           Power      Damage    Failure   Level
 Magic Dart               Conj           64%        1d6       4%          1
 Inner Flame              Hex/Fire       13%        N/A       19%         3
 Dazzling Flash           Conj/Hex       20%        N/A       26%         3
 Flame Wave               Conj/Fire      19%        2d7       32%         4
 Fireball                 Conj/Fire      9%         3d6       67%         5
 Iskenderun's Battlesphe  Conj           16%        2d7       78%         5
 Agony                    Necr           4%         N/A       99%         5
 Silence                  Hex/Air        2%         N/A       99%         5
 Conjure Ball Lightning   Conj/Air       5%         3x3d6     100%        6
 Orb of Destruction       Conj           8%         9d6       100%        7


Dungeon Overview and Level Annotations

Branches:
Dungeon (6/15)             Temple (0/1) D:6         Ossuary (visited)

Altars:
Vehumet


Innate Abilities, Weirdness & Mutations

You have a somewhat thin skeletal structure. (Dex +2, Stealth+)
A meltable icy envelope protects you from harm. (AC +0)
A meltable shield of frost defends you. (SH +0)
You have a tail ending in a sharp stinger.


Message History

You have difficulty breathing.
You feel as though you will be slow longer.
Casting: Foxfire (safe; 3% risk of failure)
Press: ? - help, Q - select action, (/) - cycle Dir - look around, f - activate You conjure some foxfire!
You feel extremely sick.
The foxfire hits the kobold brigand.
The kobold brigand is heavily wounded.
The foxfire hits the kobold brigand.
The kobold brigand is heavily wounded.
You feel better.
Your foxfire dissipates!
The foxfire hits the kobold brigand.
The kobold brigand is severely wounded.
The foxfire hits the kobold brigand.
The kobold brigand is severely wounded.
The gnoll bouda gazes fiercely through you!
You feel your attacks grow feeble.
The kobold brigand throws a curare-tipped dart.
The curare-tipped dart hits you.
You are poisoned.
You have difficulty breathing.
You feel as though you will be slow longer.
You feel very sick.
You feel very sick.
Your magical contamination has completely faded away.
You feel much better.
You feel sick.
The gnoll bouda barks out a call to the hunt!
Something hits you. Something shocks you.
Casting: Foxfire (safe; 3% risk of failure)
Confirm with . or Enter, or press ? or * to list all spells.
The fire begins to smoulder!
You feel sick.
A sky beast appears from thin air!
Reactivating autopickup.
The sky beast hits you but does no damage.
Casting: Conjure Flame (dangerous; 10% risk of failure)
Confirm with . or Enter, or press ? or * to list all spells.
The fire ignites!
You are engulfed in blazing flames.
Your icy defenses dissipate!
Ouch! That really hurt!
You die...

,,* ###.#.# #>##### *,** ,,*
**#...#.# #.# *,,* ,** #...#...#
####.# **,* ,####.###.###
#....#**********,* .....,*##.#
##.##........,,**,* ......##..###
#..##........,,**,,
.####.......###.###........,,***,
....####.##..#..###........,,* *,
..#.# #..###..gY@..........,,* *,
#...###........####........,,***,
##..##...###...########..##,,,,,,
........## ####.{g....#****,,,,,,
###.....# *#gK8g..8..#* *,,,,,,
#.#...# #..gK5......#**,,,,,, *
#.#...# #..K..8.....#,,,***** *
#.#####***#..<.....<..#****
#*#.#*,,,,,,#...).8.....#


You could see a sky beast and a gnoll bouda.

Vanquished Creatures
  Menkaure (D:5)
  A sky beast (D:5)
  A black bear (D:5)
  A howler monkey (D:5)
  2 centaur zombies (Ossuary)
  2 human zombies (Ossuary)
  3 orc priests (D:5)
  An orc wizard (D:5)
  2 hound zombies (Ossuary)
  4 mummies
  3 gnolls (D:2)
  4 adders
  A shadow imp (D:6)
  8 adder zombies (Ossuary)
  A worm (D:3)
  A dart slug (D:2)
  16 orcs
  7 endoplasms
  2 giant cockroaches
  3 goblins
  7 hobgoblins
  5 kobolds
  5 quokkas
  7 ball pythons
  4 bats
  5 frilled lizards
  2 gnoll zombies (Ossuary)
  A goblin zombie (Ossuary)
  3 hobgoblin zombies
  A jackal zombie (Ossuary)
  3 kobold zombies (Ossuary)
  3 orc zombies
  5 quokka zombies (Ossuary)
  5 rats
  5 rat zombies (Ossuary)
125 creatures vanquished.

Vanquished Creatures (others)
  325 foxfires
325 creatures vanquished.

Grand Total: 450 creatures vanquished

Notes
Turn   | Place    | Note
-------+----------+-------------------------------------------
     0 | D:1      | BiteMe the Demonspawn Fire Elementalist began the quest for
                  | the Orb.
     0 | D:1      | Reached XP level 1. HP: 13/13 MP: 3/3
  1194 | D:1      | Gained mutation: You have a small tail. [demonic ancestry]
  1194 | D:1      | Reached XP level 2. HP: 12/19 MP: 1/5
  2076 | D:2      | Found a faded altar of an unknown god.
  2312 | D:2      | Gained mutation: A meltable shield of frost defends you.
                  | (SH +0) [demonic ancestry]
  2312 | D:2      | Reached XP level 3. HP: 24/24 MP: 1/6
  2554 | D:2      | Identified the +0 leather armour "Mialy" {Stlth+}
  2569 | D:2      | Learned a level 2 spell: Scorch
  3926 | D:2      | Reached skill level 3 in Spellcasting
  3926 | D:2      | Gained mutation: You have a somewhat thin skeletal
                  | structure. (Dex +2, Stealth+) [demonic ancestry]
  3926 | D:2      | Reached XP level 4. HP: 30/30 MP: 5/8
  6785 | D:4      | Found a radiant altar of Vehumet.
  6791 | D:4      | Became a worshipper of Vehumet
  6862 | D:4      | Gained mutation: You have a tail ending in a sharp stinger.
                  | [demonic ancestry]
  6862 | D:4      | Reached XP level 5. HP: 35/35 MP: 10/10
  6957 | D:5      | Entered Level 5 of the Dungeon
  6970 | D:5      | Noticed a black bear
  6977 | D:5      | Reached skill level 4 in Spellcasting
  6978 | D:5      | Killed a black bear
  6979 | D:5      | Reached skill level 1 in Armour
  6986 | D:5      | Gained mutation: A meltable icy envelope protects you from
                  | harm. (AC +0) [demonic ancestry]
  6986 | D:5      | Reached XP level 6. HP: 28/41 MP: 1/12
  7453 | D:5      | Noticed a sky beast
  7555 | D:5      | Learned a level 3 spell: Conjure Flame
  8208 | D:5      | Noticed Menkaure
  8251 | D:5      | Killed Menkaure
  8252 | D:5      | Reached skill level 1 in Shields
  8620 | D:5      | Killed a sky beast
  8621 | D:5      | Reached XP level 7. HP: 46/46 MP: 14/14
  8821 | D:6      | Found a staircase to the Ecumenical Temple.
  8918 | D:6      | Found a sand-covered staircase.
  8927 | Ossuary  | Entered an ossuary
  9340 | Ossuary  | Reached * piety under Vehumet
  9340 | Ossuary  | Offered knowledge of Magic Dart by Vehumet.
  9748 | Ossuary  | Reached skill level 5 in Spellcasting
 11603 | D:6      | Engulfed by a cloud of flame

Illustrated notes

Levels and vault maps discovered:
D:1:      wander_arrival_estate, layout_basic
D:2:      layout_basic, basic_ecumenical_altar
D:3:      layout_rooms
D:4:      layout_loops_corners, nicolae_vehumet_altar_sigil
D:5:      layout_basic, uniq_menkaure
D:6:      layout_rooms, minmay_temple_entry_statues_pillars,
          nicolae_ossuary_entry_giza, grunt_ministairs_10

Skill      XL: |  1  2  3  4  5  6  7 |
---------------+----------------------+-----
Fire Magic     | 3 4 |  4.8
Dodging        | 2 |  2.6
Spellcasting   | 3 4 5 |  5.4
Conjurations   | 2 3 |  3.1
Armour         | 1 |  1.8
Shields        | 1 |  1.9
Stealth        | |  1.7

Action                   |  1- 3 |  4- 6 |  7- 9 || total
-------------------------+-------+-------+-------++-------
Melee: Dagger            |    16 |       |       ||    16
       Tailslap          |     2 |     1 |       ||     3
       Whip              |       |     4 |     5 ||     9
       Punch             |       |     1 |       ||     1
 Cast: Foxfire           |    47 |    79 |    68 ||   194
       Scorch            |     2 |    14 |    50 ||    66
       Conjure Flame     |       |       |     4 ||     4
  Use: Scroll            |     6 |     4 |     2 ||    12
       Potion            |       |       |     3 ||     3
 Stab: Sleeping          |       |     1 |     1 ||     2
Armor: Robe              |     5 |       |       ||     5
       Leather armour    |       |     7 |    25 ||    32
Dodge: Dodged            |    13 |    12 |    25 ||    50
Block: Other             |     2 |     3 |     8 ||    13
